 Dungeon Crawl Stone Soup version 0.29.0-7-g18a832c13a (webtiles) character file.

Game seed: 8067173066418986427

91 SensoryNuts the Covered (level 4, -7/40 HPs)
             Began as a Minotaur Fighter on Aug 30, 2022.
             Killed by divine providence
             ... invoked by an orc priest
              (11 damage)
             ... on level 3 of the Dungeon.
             The game lasted 00:02:15 (2507 turns).

SensoryNuts the Covered (Minotaur Fighter)          Turns: 2507, Time: 00:02:16

Health: -7/40      AC:  9    Str: 23    XL:     4   Next: 33%
Magic:  3/3        EV:  9    Int:  5    God:
Gold:   134        SH:  4    Dex:  9    Spells: 3/3 levels left

rFire   . . .      SeeInvis .   a - +0 war axe
rCold   + . .      Faith    .   c - +0 buckler
rNeg    . . .      Spirit   .   g - +1 scale mail {rC+}
rPois   .          Reflect  .   (helmet restricted)
rElec   .          Harm     .   j - +0 cloak
rCorr   .          Rampage  .   (no gloves)
Will    .....                   (no boots)
Stlth   ..........              (no amulet)
HPRegen 0.13/turn               (no ring)
MPRegen 0.08/turn               (no ring)

@: no status effects
A: horns 2, retaliatory headbutt
a: no special abilities


You were on level 3 of the Dungeon.
You visited 1 branch of the dungeon, and saw 3 of its levels.

You collected 160 gold pieces.
You spent 26 gold pieces at shops.

Inventory:

Hand Weapons
 a - a +0 war axe (weapon)
Armour
 c - a +0 buckler (worn)
 g - a +1 scale mail of cold resistance (worn)
 j - a +0 cloak (worn)
Scrolls
 b - a scroll of amnesia {unknown}
 h - a scroll of poison {unknown}
 i - 3 scrolls of teleportation {unknown}
 l - a scroll of fog {unknown}
 n - 2 scrolls of identify
 o - a scroll of vulnerability {unknown}
Potions
 d - a potion of might
 e - 5 potions of brilliance
 f - 2 potions of heal wounds {unknown}
 k - a potion of resistance
 m - a potion of invisibility {unknown}


   Skills:
 + Level 4.0 Fighting
 * Level 4.3 Axes
 + Level 4.3 Armour
 + Level 0.2 Dodging
 + Level 0.3 Stealth
 + Level 4.0 Shields


You had 3 spell levels left.
You didn't know any spells.
Your spell library was empty.

Dungeon Overview and Level Annotations

Branches:
Dungeon (3/15)

Altars:

Shops:
D:1 *


Innate Abilities, Weirdness & Mutations

You have a pair of horns on your head.
You reflexively headbutt those who attack you in melee.


Message History

You hit the orc priest.
The orc priest is lightly wounded.
You block the orc priest's attack.
You hit the orc priest.
The orc priest is lightly wounded.
The orc priest invokes the aid of Beogh against you.
You barely resist.
The orc priest calls down the wrath of Beogh upon you.
Beogh smites you!
You are too injured to fight recklessly!
You are too injured to fight recklessly!
You are too injured to fight recklessly!
Unknown command.
You are too injured to fight recklessly!
Okay, then.
Okay, then.
The orc priest attacks as you move away!
The orc priest hits you with a +0 hand axe.
* * * LOW HITPOINT WARNING * * *
The orc wizard mumbles some strange words.
The orc wizard flickers and vanishes!
Deactivating autopickup; reactivate with Ctrl-A.
The orc priest unwields a +0 hand axe.
The orc priest wields a +0 sling.
The orc priest shoots a sling bullet.
The sling bullet hits you.
* * * LOW HITPOINT WARNING * * *
A magic dart appears from out of thin air!
The magic dart hits you but does no damage.
The orc priest shoots a sling bullet.
The sling bullet barely misses you.
A magic dart appears from out of thin air!
The magic dart hits you.
* * * LOW HITPOINT WARNING * * *
The orc priest shoots a sling bullet.
The sling bullet hits you.
* * * LOW HITPOINT WARNING * * *
The orc priest shoots a sling bullet.
The sling bullet misses you.
The orc hits you from afar with a +0 trident.
* * * LOW HITPOINT WARNING * * *
Unknown command.
The orc priest calls down the wrath of Beogh upon you.
Beogh smites you!
You die...

♣....)............ ..
♣.....o........... ..
♣♣...B.......)....
♣♣..g............
♣...............
♣.....o.........
♣............... ####
♣............... #......
♣......@........ #......
.......##.####### #......
.########..########......
#...........##......
#...........##......
#...........##......
#............#......
#.............#.####
#####.).........#.....##


You could see an orc priest, an orc, a giant cockroach and a goblin.

Vanquished Creatures
  Natasha (D:2)
  2 adders (D:2)
  A worm (D:2)
  2 orcs (D:3)
  3 endoplasms
  3 giant cockroaches
  4 goblins
  2 hobgoblins (D:1)
  4 jackals (D:1)
  4 quokkas (D:1)
  5 ball pythons
  4 bats
  3 kobolds
  2 rats
40 creatures vanquished.

Notes
Turn   | Place    | Note
-------+----------+-------------------------------------------
     0 | D:1      | SensoryNuts the Minotaur Fighter began the quest for the
                  | Orb.
     0 | D:1      | Reached XP level 1. HP: 19/19 MP: 0/0
   259 | D:1      | Reached XP level 2. HP: 14/27 MP: 1/1
   654 | D:1      | Found Uxusorhu's General Store.
   674 | D:1      | Bought a scroll of identify for 26 gold pieces
  1151 | D:2      | Reached XP level 3. HP: 25/33 MP: 2/2
  1873 | D:2      | Noticed Natasha
  1877 | D:2      | Killed Natasha
  1878 | D:2      | Reached XP level 4. HP: 40/40 MP: 3/3
  2507 | D:3      | Killed from afar by an orc priest

Illustrated notes

Levels and vault maps discovered:
D:1:      dpeg_arrival_more_subterranean_lakeside_camping, layout_basic,
          serial_shops, nicolae_square_shop, serial_co_window_serial,
          co_window_corner_a, co_window_paths_b, co_window_paths_b,
          co_window_paths_a, co_window_paths_b, co_window_unsneaky_path_b,
          co_window_paths_c, co_window_broadway_b, co_window_broadway_c,
          co_window_2corner, glass_columns_c, glass_columns_b
D:2:      layout_loops_ring, serial_rivers, chequers_serial_rivers_room_a,
          chequers_serial_rivers_marsh, chequers_serial_rivers_large_b,
          chequers_serial_rivers_marsh, chequers_serial_rivers_room_a,
          chequers_serial_rivers_micro_c, grunt_ministairs_3,
          minmay_misc_feat_ornament, uniq_natasha
D:3:      layout_basic, dilly_ecumenical_altar_fadedgnrine

Skill      XL: |  1  2  3 |
---------------+----------+-----
Axes           | 3 4 |  4.3
Armour         | 4 |  4.3
Fighting       | 4 |  4.0
Shields        | 4 |  4.0
Dodging        | |  0.2
Stealth        | |  0.3

Action                   |  1- 3 |  4- 6 || total
-------------------------+-------+-------++-------
Melee: War axe           |    71 |    19 ||    90
       Headbutt          |     7 |     4 ||    11
  Use: Scroll            |     1 |       ||     1
       Potion            |     1 |       ||     1
Armor: Scale mail        |    51 |     9 ||    60
Dodge: Dodged            |    34 |    12 ||    46
Block: Buckler           |    16 |     3 ||    19
